Map: Lerilak Crest

Players

giX - Winner!

  • Race: Zerg Zerg
  • League: Silver

LilDicky

  • Race: Terran Terran
  • League: Diamond

VOD

http://www.twitch.tv/tumescentpie

Description

Time

  • Played on: Nov. 22, 2015, 11:15 p.m.
  • Length: 9:35
Show
View Real Time Build Order
Export as new Build Order

giX Zerg - Winner!

Build Orders: Hatch First, Muta Ling Bane 

Get SALT Encoding   

  12  0:00  Drone  
  13  0:08  Drone  
  14  0:15  Extractor  
  14  0:16  Drone  
  14  0:22  Extractor  
  14  0:23  Drone  
  14  0:27  Overlord  
  16  0:46  Drone x2  
  18  0:56  Hatchery  
  17  0:59  Drone  
  18  1:05  Drone  
  19  1:16  Spawning Pool  
  18  1:19  Drone  
  18  1:24  Extractor  
  18  1:27  Drone  
  19  1:37  Drone  
  20  1:48  Overlord  
  20  2:01  Drone  
  20  2:06  Queen  
  20  2:08  Drone  
  24  2:09  Queen  
  24  2:10  Drone  
  27  2:19  Drone  
  27  2:20  Drone  
  29  2:26  Metabolic Boost  
  28  2:30  Zergling x2  
  28  2:31  Drone  
  30  2:40  Drone  
  30  2:41  Drone  
  32  2:45  Queen  
  32  2:50  Drone  
  35  2:54  Drone  
  36  2:58  Hatchery  
  36  3:01  Overlord  
  36  3:04  Drone  
  36  3:14  Overlord  
  35  3:20  Zergling x6  
  35  3:21  Zergling x6  
  35  3:23  Zergling x2  
  42  3:27  Queen  
  42  3:31  Overlord  
  42  3:33  Drone  
  45  3:41  Drone  
  45  3:43  Drone  
  47  3:51  Drone  
  47  3:54  Drone  
  49  3:59  Drone x2  
  49  4:00  Drone  
  52  4:04  Overlord  
  52  4:07  Drone, Extractor  
  50  4:10  Lair  
  50  4:11  Extractor  
  50  4:12  Extractor  
  50  4:13  Drone  
  50  4:14  Drone, Queen  
  50  4:15  Drone  
  53  4:23  Drone  
  52  4:31  Drone x2, Baneling Nest  
  53  4:32  Drone  
  53  4:37  Drone x2  
  53  4:38  Drone x2  
  57  4:41  Zergling x2  
  57  4:43  Zergling x2  
  57  4:44  Zergling x6  
  61  4:54  Drone x3  
  64  5:03  Evolution Chamber  
  64  5:04  Zergling x6  
  64  5:05  Evolution Chamber  
  65  5:12  Zergling x2  
  65  5:14  Overlord  
  66  5:19  Extractor x2  
  66  5:20  Hatchery  
  63  5:23  Spire  
  63  5:28  Centrifical Hooks  
  62  5:30  Zerg Melee Weapons Level 1  
  62  5:32  Drone x2  
  62  5:34  Drone  
  62  5:35  Drone  
  66  5:44  Overlord  
  66  5:45  Overlord  
  65  5:50  Drone  
  65  5:51  Drone  
  65  5:53  Drone  
  65  5:55  Overlord  
  63  5:57  Drone  
  63  5:58  Drone  
  63  6:01  Drone  
  63  6:02  Zergling x4  
  63  6:03  Zergling x4  
  70  6:07  Zergling x4  
  70  6:10  Zergling x2  
  70  6:11  Zergling x2  
  71  6:12  Zergling x2  
  72  6:19  Zergling x2  
  72  6:22  Baneling x4  
  72  6:23  Baneling x4  
  72  6:24  Zergling x6  
  76  6:26  Zergling x2  
  76  6:27  Baneling x2  
  76  6:29  Zergling x2  
  76  6:31  Zergling x4  
  76  6:32  Zergling x2  
  81  6:36  Zergling x4  
  81  6:37  Zergling x2  
  84  6:40  Zergling x2  
  84  6:41  Zergling x4  
  87  6:48  Queen x2  
  87  6:50  Zergling x2  
  87  6:53  Zergling x4  
  90  6:56  Zergling x4  
  90  6:57  Zergling x2  
  90  6:59  Drone x2  
  95  7:06  Burrow  
  95  7:16  Baneling x2  
  95  7:17  Baneling x5  
  95  7:21  Zergling x4  
  95  7:22  Zergling x2  
  95  7:30  Overlord x3  
  95  7:33  Overlord  
  92  7:38  Mutalisk x2  
  92  7:40  Zerg Flyer Weapons Level 1, Overlord  
  92  7:43  Baneling x2  
  92  7:44  Baneling x6  
  93  7:45  Baneling  
  93  7:46  Baneling  
  93  7:47  Baneling  
  93  7:49  Mutalisk  
  94  7:53  Mutalisk  
  94  7:56  Drone  
  94  7:57  Drone x3  
  99  7:58  Drone  
  99  8:00  Drone, Extractor  
  99  8:02  Drone  
  99  8:03  Drone  
  102  8:06  Mutalisk  
  102  8:09  Zergling x2  
  102  8:10  Zergling x4  
  104  8:14  Zergling x6  
  104  8:15  Zergling x2  
  104  8:19  Mutalisk  
  106  8:22  Zergling x6  
  106  8:26  Drone  
  111  8:27  Drone x2  
  111  8:30  Drone x2  
  111  8:32  Mutalisk  
  116  8:35  Zergling x4  
  116  8:37  Overlord  
  116  8:40  Drone x2  
  120  8:47  Mutalisk x3  
  126  8:49  Zergling x2  
  126  8:50  Zergling x2  
  126  8:51  Baneling x2  
  126  8:52  Baneling  
  126  8:55  Mutalisk  
  128  8:57  Drone x2  
  128  8:59  Drone x2  
  128  9:01  Overlord  
  134  9:06  Mutalisk x2  
  134  9:09  Drone x2  
  140  9:11  Drone x2  
  140  9:14  Baneling x6  
  142  9:19  Hydralisk Den  
Show
View Real Time Build Order
Export as new Build Order

LilDicky Terran 

Build Orders: Command Center First (CC), MMM Bio 

Get SALT Encoding   

  12  0:01  SCV  
  13  0:13  SCV  
  14  0:21  Supply Depot  
  14  0:26  SCV  
  15  0:43  SCV  
  16  0:58  Command Center  
  16  1:01  SCV  
  17  1:12  Barracks  
  17  1:15  SCV  
  18  1:27  SCV  
  19  1:39  SCV  
  20  1:51  Command Center  
  20  1:53  SCV  
  21  2:03  Marine  
  21  2:08  Supply Depot  
  23  2:12  Orbital Command  
  22  2:21  Orbital Command  
  22  2:25  Marine  
  23  2:40  SCV  
  23  2:43  Marine  
  25  2:47  SCV  
  25  2:50  Bunker  
  26  2:52  SCV  
  26  2:59  SCV  
  26  3:05  Command Center  
  27  3:07  SCV  
  27  3:08  Marine  
  29  3:15  Orbital Command  
  29  3:24  SCV  
  29  3:25  SCV  
  31  3:29  Marine  
  32  3:39  Barracks  
  32  3:40  SCV, Barracks  
  32  3:41  SCV, Orbital Command  
  34  3:49  Marine  
  34  3:50  Barracks  
  34  3:52  SCV, Barracks  
  36  3:57  SCV  
  35  4:04  SCV  
  35  4:07  Marine  
  35  4:09  SCV  
  35  4:22  Orbital Command  
  35  4:25  Marine  
  35  4:41  Marine x2  
  35  4:42  Marine x2  
  35  4:43  SCV x2, Marine  
  42  4:49  SCV x2  
  44  4:54  Refinery x2  
  44  4:55  SCV x2  
  44  4:59  Marine x2  
  48  5:01  SCV x2  
  48  5:02  Refinery  
  48  5:04  Refinery  
  50  5:07  SCV x2  
  50  5:08  Marine  
  50  5:09  Supply Depot  
  50  5:13  SCV  
  54  5:14  SCV  
  54  5:16  Bunker  
  54  5:19  SCV  
  56  5:23  Marine x4  
  56  5:26  Barracks, Marine  
  56  5:27  Barracks  
  61  5:31  Barracks  
  61  5:34  Barracks  
  61  5:36  Barracks  
  61  5:41  Barracks  
  61  5:42  SCV x2, Barracks  
  66  5:44  SCV, Marine  
  66  5:47  Barracks Tech Lab x2  
  66  5:48  Barracks Reactor  
  66  5:49  Barracks Reactor  
  56  6:13  Marine x2  
  58  6:19  SCV x2  
  58  6:21  Engineering Bay  
  58  6:22  Barracks Reactor x2  
  60  6:52  Marine  
  60  6:53  Marine x5  
  54  6:56  Combat Shields, Stimpack  
  54  6:59  SCV  
  54  7:02  Marine x2  
  54  7:03  Marauder x2  
  54  7:07  Barracks  
  54  7:08  Barracks  
  60  7:09  Factory, Barracks  
  60  7:11  Barracks  
  60  7:12  SCV x2  
  60  7:13  Engineering Bay x2  
  62  7:17  Missile Turret  
  62  7:18  Marine x2  
  62  7:21  Marine  
  62  7:22  Marine  
  59  7:34  Marine x2  
  38  7:40  Marine x2  
  27  7:59  Marine  
  28  8:06  Marine  
  28  8:07  Factory Reactor  
  29  8:25  Orbital Command  
  29  8:29  Marine x3  
  29  8:30  Marauder, Marine  
  29  8:33  SCV  
  36  8:46  Marine x3  
  39  8:50  Marine x2  
  39  8:51  Marine x2  
  40  8:56  Marine  
  40  8:59  Marine  
  42  9:05  Marine x2  
  43  9:12  SCV x2  
  46  9:28  Missile Turret  
  46  9:30  Missile Turret  
Tags
 
Add a new tag
Caveats
  • Supply blocks, unpowered buildings, or Contaminate may cause inaccurate times.
  • Supply counts are checked every 10 seconds.